Map: NeoHumanity LE

Players

FaberCraft - Winner!

  • Race: Terran Terran
  • League: Diamond
  • Spawn Location: 5:00

shmerich

  • Race: Zerg Zerg
  • League: Diamond
  • Spawn Location: 11:00

VOD

Have the link to the VOD?

Description

Time

  • Played on: May 20, 2023, 11:59 a.m.
  • Length: 30:38
Show
View Real Time Build Order
Export as new Build Order

FaberCraft Terran - Winner!

Build Orders:  

Get SALT Encoding   

  12  0:30  SCV  
  13  0:36  Supply Depot  
  13  0:39  Refinery  
  13  0:42  SCV  
  14  0:55  SCV  
  15  1:00  Barracks  
  15  1:07  SCV  
  16  1:13  Refinery  
  16  1:19  SCV  
  17  1:33  SCV  
  18  1:51  Factory  
  18  1:55  Orbital Command  
  18  1:56  Barracks Reactor  
  18  1:57  Supply Depot  
  18  2:22  SCV  
  19  2:32  Marine x2  
  19  2:34  SCV  
  19  2:35  Factory Reactor  
  22  2:38  Armory  
  22  2:42  Supply Depot  
  22  2:48  SCV  
  22  2:50  Marine x2  
  25  3:00  SCV  
  26  3:12  SCV  
  27  3:14  Widow Mine x2  
  27  3:16  Marine x2  
  33  3:24  SCV  
  34  3:29  Supply Depot  
  34  3:36  Hellbat x2  
  36  3:53  Marine x2  
  38  3:57  Hellbat x2  
  40  4:06  Starport  
  40  4:17  Terran Vehicle And Ship Armor Level 1  
  40  4:18  Hellbat x2  
  40  4:22  Marine x2  
  42  4:40  Hellbat x2  
  46  4:56  Supply Depot  
  42  5:00  Barracks Tech Lab  
  42  5:04  Widow Mine x2  
  45  5:34  Hellbat x2  
  45  5:35  Liberator x2  
  38  5:47  Command Center  
  38  5:55  Hellbat x2  
  42  5:57  Engineering Bay  
  42  6:07  SCV  
  42  6:09  Factory  
  42  6:11  Marine  
  43  6:15  Terran Vehicle Weapons Level 1  
  44  6:23  Viking  
  46  6:34  Hellbat x2  
  50  6:45  Viking  
  41  7:01  Missile Turret  
  41  7:09  Planetary Fortress  
  41  7:10  Hellbat x2  
  42  7:20  Factory Tech Lab  
  42  7:23  Refinery  
  42  7:31  Hellbat x2  
  44  7:40  Siege Tank  
  45  7:49  SCV  
  40  7:53  Hellbat  
  40  7:56  Hellbat  
  44  8:01  SCV  
  43  8:13  SCV  
  43  8:17  Widow Mine  
  43  8:18  Widow Mine  
  44  8:26  SCV  
  45  8:33  Command Center  
  45  8:34  Liberator  
  44  8:38  SCV  
  45  8:44  Hellbat x2  
  49  8:50  SCV  
  49  8:53  Missile Turret  
  50  8:58  Siege Tank  
  50  9:02  SCV  
  48  9:11  Hellbat x2  
  48  9:16  Viking  
  52  9:23  SCV  
  53  9:31  Neosteel Armor  
  53  9:35  SCV  
  54  9:41  Viking  
  53  9:46  Orbital Command  
  53  9:48  SCV  
  58  9:52  Hellbat  
  58  9:53  Hellbat  
  58  9:59  Liberator  
  61  10:00  SCV  
  62  10:12  SCV  
  63  10:16  Viking  
  65  10:27  Hellbat x2  
  69  10:30  Widow Mine  
  69  10:48  Command Center  
  55  11:04  Hellbat x2  
  55  11:10  Siege Tank  
  55  11:12  Refinery  
  55  11:17  Refinery  
  55  11:19  Factory x2, Ghost Academy  
  55  11:20  Ghost Academy  
  55  11:21  Terran Vehicle Weapons Level 2  
  55  11:28  Hellbat x2  
  61  11:37  Liberator  
  57  11:54  Siege Tank  
  57  11:58  Hellbat x2  
  56  12:19  Hellbat x2  
  56  12:22  Missile Turret  
  58  12:23  Refinery  
  58  12:25  Factory Tech Lab  
  58  12:41  Hellbat x2, Command Center  
  62  12:46  SCV  
  55  12:59  Supply Depot  
  55  13:02  Hellbat x2  
  59  13:10  Liberator  
  58  13:23  Missile Turret  
  58  13:27  Hellbat x2  
  58  13:32  Personal Cloaking  
  62  13:38  Barracks  
  60  13:50  Hellbat x2  
  58  13:58  Missile Turret, SCV  
  59  14:02  Planetary Fortress  
  59  14:03  Barracks Tech Lab  
  59  14:09  Missile Turret  
  59  14:10  SCV  
  60  14:23  SCV  
  61  14:27  Hellbat x2  
  65  14:42  SCV  
  66  14:46  Ghost, Barracks Reactor  
  66  14:48  Hellbat x2  
  68  14:54  SCV  
  68  14:55  Ghost Academy  
  68  14:57  Ghost Academy  
  68  14:59  Nuke  
  69  15:00  Nuke  
  69  15:06  SCV  
  67  15:09  Hellbat  
  67  15:10  Hellbat  
  71  15:15  Ghost  
  71  15:18  SCV  
  74  15:26  Missile Turret  
  69  15:30  SCV  
  60  15:39  Hellbat x2  
  62  15:49  SCV  
  63  15:52  Ghost  
  63  15:54  Nuke x2  
  65  16:00  Hellbat  
  65  16:01  Hellbat, SCV  
  70  16:05  Siege Tank x2, Command Center  
  77  16:25  Nuke  
  70  16:36  Thor  
  63  16:56  Nuke x3  
  59  17:07  Hellbat x2  
  63  17:14  Refinery  
  63  17:17  Nuke  
  63  17:20  Hellbat  
  63  17:21  Command Center  
  63  17:22  Planetary Fortress  
  60  17:44  Missile Turret  
  60  17:45  Viking x2  
  60  17:46  Nuke  
  64  18:01  Nuke  
  64  18:02  Ghost  
  66  18:16  Nuke  
  64  18:22  Nuke  
  64  18:26  Marine x2  
  65  18:30  Ghost  
  64  18:36  Missile Turret  
  64  18:37  Siege Tank  
  66  18:42  Missile Turret  
  66  18:44  Marine x2  
  50  19:02  Marine x2  
  35  19:32  Barracks Tech Lab  
  35  19:33  SCV  
  36  19:43  SCV  
  37  19:45  SCV  
  38  20:02  Refinery, Planetary Fortress  
  38  20:06  SCV x2  
  36  20:28  SCV x2  
  38  20:31  Command Center  
  38  20:41  SCV  
  37  20:43  SCV x2  
  39  20:53  SCV  
  40  21:04  Ghost  
  40  21:05  Missile Turret, SCV  
  40  21:07  Nuke  
  43  21:14  Refinery  
  43  21:17  SCV x2  
  43  21:26  SCV  
  43  21:29  SCV  
  45  21:39  SCV  
  46  21:41  SCV  
  46  21:42  SCV x2  
  49  21:49  Planetary Fortress  
  49  21:51  SCV  
  49  21:53  SCV  
  51  21:57  Nuke  
  51  22:02  Refinery  
  51  22:05  Nuke  
  51  22:06  SCV  
  52  22:10  SCV  
  52  22:11  SCV  
  54  22:15  SCV  
  53  22:27  SCV  
  53  22:28  SCV x2  
  53  22:29  SCV  
  57  22:39  SCV  
  57  22:40  SCV  
  57  22:41  SCV x2  
  61  22:49  Thor  
  67  22:51  SCV  
  67  22:53  SCV  
  67  22:57  Ghost  
  71  23:03  SCV  
  70  23:07  Viking x2  
  74  23:14  SCV x2  
  74  23:15  SCV  
  74  23:19  Thor  
  77  23:24  SCV  
  77  23:25  Ghost  
  77  23:26  SCV  
  87  23:27  SCV  
  88  23:36  Drilling Claws  
  88  23:38  Smart Servos  
  88  23:40  SCV  
  89  23:41  Missile Turret  
  89  23:43  SCV  
  90  23:55  SCV  
  90  23:58  Missile Turret  
  91  24:08  SCV  
  92  24:13  Missile Turret, Nuke  
  92  24:14  Nuke x3  
  92  24:22  Command Center  
  92  24:23  Thor  
  98  24:32  Marine  
  98  24:35  Supply Depot  
  98  24:36  Marine, Ghost  
  96  24:50  Marine  
  82  24:56  Siege Tank  
  82  24:58  Factory Tech Lab  
  82  24:59  Nuke  
  85  25:01  Terran Vehicle And Ship Armor Level 2  
  85  25:06  Siege Tank  
  88  25:07  Missile Turret  
  88  25:15  Nuke  
  88  25:22  Widow Mine  
  88  25:29  Hellbat  
  88  25:33  Missile Turret  
  90  25:44  Planetary Fortress  
  90  25:47  Refinery  
  90  25:51  Hellbat x2  
  90  25:55  Command Center  
  94  26:01  Nuke  
  94  26:05  Nuke  
  94  26:14  SCV  
  94  26:17  SCV x2  
  90  26:26  SCV  
  90  26:32  Nuke  
  90  26:38  SCV, Viking x2  
  93  26:44  Command Center  
  93  26:46  Hellbat  
  95  26:48  Widow Mine  
  95  26:49  Widow Mine  
  95  26:50  SCV  
  95  26:51  Unknown  
  95  26:52  Missile Turret  
  100  26:56  Ghost  
  100  26:58  Marine x2  
  102  27:02  SCV  
  100  27:08  SCV  
  100  27:10  Missile Turret  
  100  27:11  SCV x2  
  103  27:20  Nuke, SCV  
  104  27:24  Refinery  
  104  27:28  Supply Depot  
  99  27:33  SCV  
  82  27:45  SCV  
  65  27:57  SCV  
  65  27:58  Hellbat x3  
  69  28:04  Missile Turret  
  69  28:11  Nuke x2  
  69  28:14  Planetary Fortress  
  69  28:21  Siege Tank x3  
  69  28:26  Nuke  
  76  28:27  Ghost  
  76  28:29  Marine x2  
  76  28:33  Command Center  
  76  28:47  Marine x2  
  78  28:49  Missile Turret  
  78  28:50  Missile Turret  
  78  28:51  SCV  
  79  28:56  Ghost  
  79  28:57  Planetary Fortress  
  75  29:03  SCV  
  75  29:05  Marine x2  
  75  29:09  Hellbat x2  
  84  29:10  Hellbat  
  84  29:12  Unknown  
  84  29:13  Nuke  
  84  29:15  SCV  
  84  29:16  Missile Turret  
  85  29:23  Marine x2  
  85  29:24  Ghost  
  85  29:27  SCV  
  88  29:32  Hellbat x3  
  92  29:39  SCV  
  92  29:42  SCV x2  
  95  29:49  Command Center, Planetary Fortress  
  95  29:50  Nuke, Refinery  
  92  29:53  SCV  
  92  29:55  SCV  
  94  30:04  Hellbat x2  
  94  30:05  SCV  
  96  30:17  SCV  
  97  30:25  Missile Turret  
  97  30:26  Missile Turret  
Show
View Real Time Build Order
Export as new Build Order

shmerich Zerg 

Build Orders: Hatch First 

Get SALT Encoding   

  12  0:00  Drone  
  13  0:08  Drone  
  14  0:16  Overlord  
  14  0:35  Drone x3  
  17  0:53  Hatchery  
  17  0:54  Drone  
  17  0:58  Drone  
  18  1:05  Extractor  
  17  1:15  Spawning Pool  
  17  1:17  Drone  
  17  1:20  Drone  
  18  1:28  Drone  
  19  1:39  Overlord  
  19  1:54  Drone  
  19  2:01  Queen  
  20  2:04  Queen  
  20  2:05  Zergling x4  
  26  2:12  Metabolic Boost  
  26  2:17  Drone  
  26  2:18  Drone  
  28  2:33  Hatchery  
  28  2:36  Drone x2  
  29  2:44  Queen  
  29  2:49  Drone  
  32  3:06  Overlord  
  32  3:07  Overlord  
  32  3:09  Drone  
  32  3:10  Drone x3  
  36  3:26  Baneling Nest  
  35  3:28  Drone x2  
  35  3:29  Overlord  
  35  3:30  Zergling x2  
  35  3:31  Zergling x2  
  39  3:51  Spore Crawler  
  39  3:53  Spore Crawler  
  39  3:55  Drone x7, Overlord  
  43  4:07  Queen, Overlord  
  45  4:10  Zergling x2  
  45  4:11  Zergling x6  
  49  4:23  Queen  
  46  4:32  Queen  
  46  4:33  Overlord  
  48  4:41  Spore Crawler  
  48  4:42  Overlord  
  48  4:44  Overlord  
  47  5:01  Queen  
  47  5:08  Queen, Overlord  
  49  5:15  Roach Warren  
  48  5:33  Overlord  
  48  5:34  Overlord  
  44  5:40  Overlord  
  40  5:43  Queen  
  42  5:50  Drone  
  42  5:51  Drone x2  
  42  5:53  Extractor  
  42  5:55  Lair, Overlord  
  42  6:00  Overlord  
  42  6:01  Zergling x6  
  42  6:02  Zergling x2  
  46  6:06  Roach  
  48  6:15  Drone  
  48  6:19  Queen  
  50  6:50  Roach x9  
  64  6:55  Queen  
  63  7:09  Spore Crawler  
  63  7:13  Drone  
  63  7:22  Overseer x2  
  63  7:29  Spore Crawler  
  61  7:31  Spore Crawler  
  61  7:33  Spore Crawler  
  61  7:35  Spore Crawler  
  56  7:46  Glial Reconstitution  
  56  7:47  Drone x6  
  56  7:48  Drone x3  
  56  7:49  Drone x2  
  64  8:00  Drone x2  
  64  8:04  Extractor  
  64  8:05  Centrifugal Hooks  
  65  8:10  Hatchery  
  64  8:15  Drone  
  64  8:16  Drone x4  
  69  8:24  Queen  
  69  8:25  Queen  
  73  8:29  Overlord  
  73  8:32  Zergling x2, Roach  
  76  8:36  Drone  
  77  8:44  Overlord  
  77  8:45  Roach  
  77  8:46  Roach x2  
  83  8:53  Drone x2  
  85  8:59  Queen  
  83  9:14  Extractor  
  82  9:18  Extractor  
  82  9:22  Queen  
  82  9:23  Drone  
  87  9:24  Drone x4  
  87  9:28  Ravager  
  87  9:29  Ravager  
  87  9:30  Ravager  
  91  9:34  Drone x2  
  91  9:35  Drone x3  
  96  9:49  Drone x3  
  99  9:53  Drone  
  100  10:00  Overlord x2  
  100  10:01  Overlord  
  100  10:02  Overseer x3  
  100  10:13  Hatchery  
  99  10:15  Drone x3  
  99  10:19  Overseer  
  102  10:23  Overlord  
  102  10:24  Spire  
  101  10:49  Ravager x4  
  105  10:51  Roach, Zergling x14  
  105  10:52  Zergling x18  
  118  11:08  Queen  
  118  11:09  Drone  
  121  11:11  Drone  
  121  11:12  Drone x4  
  121  11:16  Overlord  
  126  11:19  Drone x2, Extractor  
  126  11:20  Drone  
  126  11:21  Ravager  
  126  11:22  Ravager x4  
  126  11:24  Zergling x4  
  123  11:49  Queen  
  123  11:50  Drone  
  123  11:51  Drone x7  
  131  11:56  Zerg Flyer Weapons Level 1, Overlord  
  131  11:57  Overlord  
  126  12:10  Drone x3  
  126  12:14  Extractor  
  126  12:15  Extractor  
  126  12:17  Spore Crawler  
  126  12:19  Drone x2  
  126  12:24  Zergling x10  
  126  12:25  Roach x4  
  139  12:31  Overlord  
  139  12:34  Pneumatized Carapace  
  131  12:57  Roach  
  131  12:58  Roach x7  
  140  13:06  Hatchery  
  140  13:07  Hatchery  
  138  13:13  Hatchery  
  138  13:15  Hatchery  
  135  13:23  Zergling x8  
  135  13:24  Roach  
  135  13:25  Roach x2  
  145  13:32  Hatchery  
  144  13:36  Roach  
  144  13:37  Roach x2  
  144  13:57  Roach  
  144  13:58  Roach x3  
  152  14:03  Overlord x2  
  152  14:05  Overlord x2  
  152  14:06  Overlord x4  
  152  14:07  Overlord x2  
  152  14:08  Overseer x2  
  152  14:09  Evolution Chamber, Overseer  
  151  14:10  Evolution Chamber  
  150  14:20  Drone x4  
  150  14:21  Drone x3  
  157  14:28  Corruptor x5  
  160  14:41  Spore Crawler  
  160  14:42  Spore Crawler  
  160  14:43  Spore Crawler  
  160  14:44  Spore Crawler  
  142  14:51  Drone x11  
  142  14:52  Drone x2  
  149  14:53  Spore Crawler  
  149  14:56  Queen  
  149  14:57  Drone x3  
  149  14:58  Drone x3  
  149  14:59  Drone x2  
  157  15:03  Drone  
  158  15:08  Unknown  
  158  15:10  Spore Crawler  
  158  15:12  Spore Crawler x2  
  158  15:13  Drone x3, Overlord  
  157  15:14  Corruptor x3, Spore Crawler  
  152  15:44  Roach  
  152  15:45  Roach x17  
  152  15:46  Roach x7  
  200  15:55  Zerg Ground Armor Level 1  
  200  15:57  Overlord  
  200  16:12  Hatchery  
  200  16:16  Ravager  
  170  16:41  Drone x7  
  170  16:42  Drone  
  170  16:43  Drone x2  
  170  16:44  Drone  
  174  16:48  Drone x10  
  174  17:01  Roach  
  174  17:02  Roach x11  
  184  17:08  Drone  
  184  17:09  Drone x6  
  179  17:17  Roach x6  
  143  17:39  Zergling x10  
  143  17:40  Zergling x30  
  161  17:46  Spore Crawler, Drone x3  
  163  17:52  Spore Crawler  
  162  18:05  Zergling x4  
  161  18:06  Roach x7  
  91  19:05  Zergling x14, Roach x2  
  91  19:06  Roach x9  
  116  19:18  Drone  
  116  19:19  Drone x4  
  117  19:28  Drone  
  117  19:29  Drone  
  119  19:36  Drone  
  120  19:45  Overseer x2  
  120  19:54  Drone x2  
  120  19:55  Drone  
  104  20:17  Drone  
  104  20:18  Drone x6  
  111  20:25  Overseer  
  111  20:40  Overseer  
  111  20:43  Drone x3  
  114  21:03  Hatchery  
  113  21:08  Drone  
  113  21:09  Drone  
  115  21:13  Drone  
  116  21:39  Drone x3  
  121  21:40  Drone x2  
  121  21:42  Drone x5  
  121  21:43  Drone x2  
  128  22:01  Zergling x16  
  129  22:06  Baneling x5  
  129  22:07  Baneling  
  136  22:21  Zerg Missile Weapons Level 1  
  136  22:25  Evolution Chamber  
  136  22:29  Unknown  
  134  22:33  Drone  
  134  22:34  Drone x9  
  144  22:40  Ravager  
  144  22:41  Baneling  
  144  22:42  Baneling x7  
  144  22:43  Baneling  
  145  22:49  Queen  
  147  22:54  Queen  
  149  23:02  Drone  
  150  23:10  Drone x3  
  153  23:13  Drone  
  153  23:14  Drone  
  153  23:15  Drone x2  
  153  23:16  Drone x2  
  159  23:21  Zergling x2  
  159  23:22  Zergling x8  
  159  23:26  Zerg Melee Weapons Level 1  
  164  23:29  Queen  
  166  23:49  Zergling x10, Hatchery  
  166  23:50  Zergling x8  
  173  24:08  Zergling x2  
  173  24:09  Zergling x28  
  161  24:10  Zergling x2  
  161  24:15  Baneling  
  161  24:16  Baneling x4  
  162  24:17  Baneling  
  162  24:18  Baneling  
  162  24:38  Zergling x2  
  162  24:39  Zergling x16  
  156  24:57  Overlord x2  
  156  24:58  Overlord x2  
  156  25:03  Drone x2  
  158  25:12  Overlord  
  158  25:13  Overlord  
  158  25:20  Overseer x2  
  158  25:32  Drone  
  158  25:34  Drone  
  158  25:35  Drone x7  
  167  25:57  Hatchery  
  159  26:28  Drone  
  159  26:29  Drone x11  
  159  26:30  Overseer  
  166  26:55  Hatchery  
  164  27:01  Zerg Melee Weapons Level 2  
  164  27:02  Zerg Missile Weapons Level 2  
  164  27:03  Overlord  
  164  27:11  Zergling x2  
  164  27:12  Zergling x44  
  186  27:17  Roach Warren  
  95  28:05  Corruptor  
  95  28:06  Corruptor x9  
  95  28:11  Overseer x3  
  108  28:40  Drone  
  112  28:41  Drone x11  
  105  29:04  Drone  
  105  29:05  Drone x7  
  113  29:12  Drone x2  
  113  29:33  Drone  
  113  29:34  Drone x9  
  119  29:43  Drone  
  119  29:44  Drone  
  109  29:56  Drone  
  109  29:57  Drone x7  
  117  30:00  Spore Crawler  
  105  30:20  Extractor  
Tags
 
Add a new tag
Caveats
  • Supply blocks, unpowered buildings, or Contaminate may cause inaccurate times.
  • Supply counts are checked every 10 seconds.